Map: Catalesque CE

Players

Nyck

  • Race: Terran Terran
  • Spawn Location: 11:00

Ekelpack

  • Race: Zerg Zerg
  • Spawn Location: 11:00

Toto - Winner!

  • Race: Terran Terran
  • Spawn Location: 5:00

CrasyMFG - Winner!

  • Race: Zerg Zerg
  • League: Gold
  • Spawn Location: 5:00

VOD

Have the link to the VOD?

Description

Time

  • Played on: Sept. 11, 2024, 2:34 p.m.
  • Length: 15:34
Show
View Real Time Build Order
Export as new Build Order

Nyck Terran 

Build Orders:  

Get SALT Encoding   

  12  0:00  SCV  
  13  0:12  SCV  
  14  0:19  Supply Depot  
  14  0:25  SCV  
  15  0:40  SCV  
  16  0:43  Barracks  
  16  0:52  Refinery  
  16  0:55  SCV  
  16  0:56  Refinery  
  17  1:08  SCV  
  18  1:30  Orbital Command  
  18  1:33  Barracks  
  18  1:34  Reaper  
  19  1:47  Supply Depot  
  19  1:55  SCV  
  20  2:07  SCV  
  21  2:19  Barracks Tech Lab, SCV  
  22  2:27  Barracks  
  22  2:29  Barracks Reactor  
  22  2:31  SCV  
  23  2:37  Supply Depot  
  23  2:38  Marine  
  23  2:40  Combat Shield  
  23  2:43  SCV  
  25  2:55  SCV  
  25  2:56  Marine  
  26  3:08  SCV  
  26  3:10  Command Center  
  26  3:11  Marine  
  28  3:16  Barracks Reactor  
  28  3:21  Marine  
  29  3:30  Engineering Bay  
  29  3:31  SCV  
  29  3:33  Marine  
  31  3:43  SCV  
  33  3:55  SCV  
  33  3:56  Marine x3  
  33  3:57  Marine x2  
  33  3:59  Stimpack  
  38  4:07  Terran Infantry Weapons Level 1  
  38  4:15  Factory  
  38  4:17  Supply Depot  
  38  4:31  Command Center  
  38  4:33  SCV  
  39  4:39  Marine x2  
  41  4:46  Orbital Command  
  41  5:09  SCV  
  41  5:11  Marine x3  
  41  5:12  Marine x2  
  47  5:17  SCV  
  48  5:25  Refinery  
  48  5:27  SCV  
  48  5:28  Refinery  
  49  5:29  SCV, Marine x3  
  53  5:39  SCV  
  53  5:41  Starport  
  54  5:42  Marine  
  54  5:49  SCV  
  56  5:53  Marine  
  56  5:54  Marine x2  
  56  5:55  Marine  
  60  6:01  Terran Infantry Armor Level 1  
  60  6:06  SCV x2  
  60  6:07  Marine  
  63  6:11  Marine  
  63  6:18  SCV x2  
  66  6:19  Orbital Command  
  66  6:28  Starport Reactor  
  66  6:29  Factory Reactor  
  66  6:30  SCV x2  
  68  6:33  Starport  
  68  6:34  Marine  
  68  6:35  Marine  
  68  6:36  Marine x2  
  68  6:37  Marine  
  73  6:40  Engineering Bay  
  73  6:43  SCV  
  73  6:44  SCV  
  75  6:49  SCV  
  75  6:52  Marine, Refinery  
  77  6:58  Supply Depot  
  77  7:08  Supply Depot  
  77  7:20  SCV x3, Marine, Medivac x2  
  77  7:22  Supply Depot  
  85  7:31  Supply Depot  
  85  7:32  SCV x3  
  85  7:33  Refinery  
  88  7:44  SCV x3  
  88  7:45  Marine x5  
  96  7:52  Medivac x2  
  96  7:53  Medivac x2  
  96  7:56  SCV x3  
  107  8:02  Marine  
  107  8:03  Marine  
  107  8:04  Armory  
  109  8:08  SCV x3  
  112  8:20  SCV x3  
  112  8:22  Command Center  
  112  8:25  Refinery  
  112  8:26  Refinery  
  115  8:33  SCV x2  
  117  8:52  Terran Infantry Armor Level 2, Terran Infantry Weapons Level 2  
  117  8:55  Terran Vehicle And Ship Armor Level 1  
  117  9:24  Command Center  
  117  9:34  SCV x3  
  117  9:36  Supply Depot  
  120  9:46  SCV x3  
  120  9:48  Orbital Command  
  123  9:58  SCV x3  
  126  10:01  Supply Depot  
  126  10:06  Command Center  
  126  10:10  SCV x2  
  128  10:24  Supply Depot  
  128  10:26  SCV x3  
  128  10:27  SCV  
  132  10:37  Marine x5  
  132  10:38  SCV x3  
  132  10:39  SCV  
  141  10:48  Supply Depot  
  141  10:52  Concussive Shells  
  141  11:04  SCV  
  141  11:05  SCV x3  
  145  11:11  Supply Depot  
  145  11:16  SCV, Marine x3  
  145  11:17  SCV x3, Marine x2  
  155  11:24  Orbital Command  
  154  11:28  Refinery  
  154  11:30  SCV x3  
  154  11:31  SCV  
  158  11:36  SCV  
  158  11:37  Marine x5  
  164  11:42  SCV x2  
  152  11:55  Marine x4  
  126  12:27  SCV x4  
  126  12:28  Orbital Command  
  121  12:30  Refinery  
  121  12:33  Refinery  
  121  12:38  Marauder  
  123  12:59  Marauder  
  123  13:01  Terran Vehicle And Ship Armor Level 2  
  123  13:03  Barracks Tech Lab  
  125  13:06  Barracks Tech Lab  
  125  13:07  SCV x4  
  125  13:08  SCV x2  
  131  13:21  Marauder, Viking x2  
  131  13:22  Viking x2  
  131  13:26  Marauder x2  
  145  13:42  Marauder  
  145  13:44  Barracks  
  145  13:47  Marauder x2  
  151  13:54  Viking  
  151  13:55  Viking  
  155  14:03  Marauder  
  155  14:08  Marauder x2  
  122  14:42  Marauder x3  
  122  14:43  Marine  
  125  14:48  Barracks  
  98  15:03  Marauder x2  
  98  15:04  Marauder  
Show
View Real Time Build Order
Export as new Build Order

Ekelpack Zerg 

Build Orders: Hatch First 

Get SALT Encoding   

  12  0:00  Drone  
  13  0:13  Overlord  
  13  0:17  Drone  
  14  0:32  Drone  
  15  0:46  Hatchery  
  15  0:49  Drone  
  15  0:54  Drone  
  16  1:07  Spawning Pool  
  15  1:11  Drone  
  15  1:17  Drone  
  17  1:19  Extractor  
  17  1:20  Drone  
  17  1:23  Drone  
  18  1:34  Drone  
  19  1:44  Drone  
  20  1:54  Queen  
  20  1:59  Queen  
  24  2:02  Drone  
  24  2:06  Overlord  
  25  2:13  Drone  
  26  2:17  Drone x2  
  28  2:25  Drone  
  29  2:31  Lair  
  29  2:35  Drone  
  30  2:40  Drone x2  
  32  2:45  Drone, Extractor  
  32  2:50  Drone  
  33  2:54  Drone  
  34  3:01  Overlord  
  34  3:06  Drone  
  34  3:07  Extractor  
  34  3:09  Drone x2  
  34  3:10  Overlord  
  36  3:24  Drone  
  37  3:27  Extractor  
  37  3:28  Drone x3  
  37  3:32  Spire  
  38  3:35  Drone  
  39  3:44  Drone  
  39  3:46  Overlord  
  39  3:47  Overlord x2  
  40  3:54  Drone  
  41  4:03  Drone  
  42  4:23  Drone x2  
  44  4:32  Drone  
  45  4:44  Mutalisk x4  
  45  4:45  Mutalisk x6  
  57  4:51  Zerg Flyer Weapons Level 1  
  65  4:58  Mutalisk x3  
  71  5:01  Overlord  
  71  5:19  Mutalisk x3  
  77  5:24  Hatchery  
  76  5:37  Zergling x12  
  76  5:38  Zergling x4  
  82  5:52  Mutalisk  
  82  5:54  Overlord  
  84  6:17  Mutalisk x4  
  92  6:19  Overlord  
  92  6:20  Overlord  
  92  6:43  Mutalisk x2  
  92  6:44  Mutalisk x3  
  102  6:47  Zerg Flyer Weapons Level 2  
  102  6:48  Extractor  
  102  6:50  Extractor  
  94  7:12  Mutalisk x2  
  94  7:13  Mutalisk  
  100  7:22  Drone x2  
  102  7:28  Drone  
  103  7:36  Zergling x8, Overlord x3  
  107  7:37  Zergling x4  
  107  7:38  Pneumatized Carapace  
  103  8:13  Mutalisk  
  103  8:14  Mutalisk x7  
  103  8:15  Mutalisk  
  121  8:21  Queen  
  115  8:56  Zergling x4  
  115  8:57  Zergling x12, Mutalisk x4  
  115  8:58  Mutalisk x3  
  137  9:05  Zerg Flyer Armor Level 1  
  137  9:31  Overlord x3  
  137  9:41  Overlord x2  
  137  9:58  Mutalisk  
  137  9:59  Mutalisk x6  
  145  10:00  Mutalisk  
  145  10:02  Zergling x4  
  149  10:49  Drone x3, Evolution Chamber  
  151  10:50  Evolution Chamber  
  151  10:52  Drone x3  
  151  10:53  Overlord x3  
  153  11:02  Hatchery  
  152  11:05  Infestation Pit  
  151  11:43  Mutalisk x4  
  151  11:44  Mutalisk x7  
  151  11:45  Mutalisk x2  
  175  12:06  Mutalisk  
  175  12:07  Mutalisk x5  
  187  12:19  Zerg Flyer Armor Level 2  
  187  12:23  Hive  
  181  13:27  Zerg Melee Weapons Level 1  
  181  13:28  Zerg Ground Armor Level 1  
  180  13:44  Adrenal Glands  
  180  13:48  Mutalisk  
  180  13:49  Mutalisk x6  
  180  13:50  Mutalisk x2  
  61  14:36  Zergling x8  
  61  14:37  Zergling x10  
Show
View Real Time Build Order
Export as new Build Order

Toto Terran - Winner!

Build Orders:  

Get SALT Encoding   

  12  0:00  SCV  
  13  0:12  SCV  
  14  0:17  Supply Depot  
  14  0:24  SCV  
  15  0:42  Barracks  
  15  0:43  SCV  
  15  0:47  Refinery  
  16  0:55  SCV  
  17  1:08  SCV  
  18  1:20  SCV  
  19  1:29  Supply Depot  
  19  1:30  Marine  
  20  1:33  Orbital Command  
  20  1:48  Marine  
  20  1:52  Factory  
  21  1:59  SCV  
  22  2:09  Command Center  
  22  2:11  SCV  
  23  2:16  Refinery  
  23  2:17  Marine  
  24  2:28  Supply Depot  
  24  2:33  SCV  
  24  2:35  Marine  
  26  2:44  Factory Tech Lab  
  26  2:45  SCV  
  26  2:46  Engineering Bay  
  27  2:52  Marine  
  27  2:57  SCV  
  29  3:09  Siege Tank  
  29  3:12  Barracks Tech Lab  
  32  3:13  SCV  
  33  3:25  SCV  
  34  3:32  Stimpack  
  34  3:34  Refinery  
  34  3:37  SCV  
  34  3:39  Planetary Fortress  
  35  3:48  Refinery  
  35  3:50  SCV  
  36  4:02  SCV  
  37  4:07  Marine  
  38  4:10  Siege Tank  
  38  4:12  Terran Infantry Weapons Level 1  
  38  4:14  SCV  
  42  4:26  SCV  
  42  4:29  Missile Turret  
  43  4:33  Missile Turret  
  43  4:35  SCV  
  43  4:38  SCV  
  45  4:39  Marine  
  46  4:46  Barracks  
  46  4:47  SCV  
  46  4:50  SCV  
  48  4:57  Marine  
  49  5:00  SCV  
  49  5:02  SCV  
  49  5:06  Supply Depot  
  51  5:12  SCV  
  52  5:14  Starport  
  52  5:16  SCV  
  53  5:24  SCV  
  53  5:25  Combat Shield  
  53  5:28  SCV, Marine  
  55  5:31  Supply Depot  
  56  5:46  Marine, Missile Turret  
  57  6:00  Missile Turret  
  57  6:03  Marine  
  59  6:07  Barracks Reactor  
  58  6:18  Terran Infantry Armor Level 1  
  58  6:21  Starport Reactor, Marine  
  59  6:33  Barracks  
  59  6:35  Barracks  
  59  6:39  Marine  
  60  6:50  Armory  
  60  6:52  Engineering Bay  
  60  6:56  SCV x2  
  60  6:57  Marine  
  60  6:58  Missile Turret  
  61  7:05  Medivac  
  61  7:06  Medivac  
  61  7:08  SCV x2  
  66  7:13  Marine  
  66  7:14  Marine  
  66  7:15  Marine  
  70  7:17  Concussive Shells  
  70  7:22  Barracks Reactor  
  70  7:27  Supply Depot  
  70  7:29  Supply Depot  
  70  7:30  Supply Depot  
  70  7:31  SCV, Marine x2  
  70  7:32  Marine, Barracks Reactor  
  70  7:35  Medivac  
  70  7:36  Medivac  
  78  7:41  Neosteel Armor  
  78  7:44  Terran Vehicle Weapons Level 1  
  78  7:49  Thor, Marine x2  
  78  7:51  Marine  
  87  7:54  Supply Depot  
  87  8:00  Supply Depot x2  
  87  8:07  Marine  
  88  8:27  Marine  
  88  8:28  Marine x6  
  88  8:32  Thor  
  101  8:45  Marine x2  
  101  8:46  Marine x2  
  105  8:54  Command Center  
  105  8:57  Missile Turret  
  105  9:12  Marine  
  105  9:13  Marine x6, Missile Turret  
  105  9:14  Thor  
  105  9:15  Missile Turret  
  115  9:30  Marine x2  
  117  9:43  SCV x2  
  119  9:49  Missile Turret  
  119  9:55  SCV x2  
  121  10:03  Missile Turret  
  119  10:07  SCV  
  119  10:12  Marine  
  119  10:13  Marine x5  
  127  10:14  Marauder  
  127  10:27  Thor  
  133  10:30  Marine x2  
  133  10:31  Marine x4  
  141  10:35  Marauder  
  141  10:38  Missile Turret  
  138  10:47  Missile Turret  
  138  10:48  Marine x3  
  141  10:51  Hi-Sec Auto Tracking  
  141  11:07  Planetary Fortress  
  141  11:32  Marauder  
  125  11:48  SCV  
  125  11:49  SCV x2  
  125  11:54  Marauder  
  130  12:00  SCV, Missile Turret x2  
  130  12:01  SCV x2  
  133  12:06  Missile Turret  
  133  12:13  SCV x2  
  133  12:15  Marauder  
  134  12:22  Missile Turret  
  132  12:42  Command Center  
  131  13:54  SCV x2  
  133  13:57  Supply Depot  
  133  13:59  Supply Depot  
  133  14:01  Supply Depot  
  132  14:06  SCV  
  133  14:16  SCV, Marine x5  
  133  14:17  Marine x2  
  133  14:18  SCV  
  129  14:28  SCV  
  129  14:30  SCV  
  120  14:33  Marine x4  
  120  14:34  Marauder  
  120  14:35  Marine x2  
  99  14:40  SCV  
  99  14:42  SCV  
  101  14:49  Medivac x2  
  101  14:51  Marine x4  
  101  14:52  SCV  
  110  14:53  Marine x2  
  110  14:55  Marauder  
  114  15:09  Marine x4  
  114  15:11  Marine x2  
Show
View Real Time Build Order
Export as new Build Order

CrasyMFG Zerg - Winner!

Build Orders: Hatch First 

Get SALT Encoding   

  12  0:02  Drone  
  13  0:08  Drone  
  14  0:17  Overlord  
  14  0:37  Drone x3  
  17  0:55  Hatchery  
  16  1:00  Drone x2  
  18  1:13  Spawning Pool  
  17  1:32  Drone x2  
  19  1:33  Overlord  
  19  1:53  Hatchery  
  18  1:56  Drone x2  
  20  2:02  Queen  
  22  2:17  Drone  
  22  2:18  Drone  
  22  2:20  Drone  
  25  2:28  Queen  
  27  2:35  Extractor  
  26  2:38  Drone x2, Queen  
  30  2:51  Drone x2  
  30  2:56  Extractor  
  31  3:14  Drone x2  
  33  3:24  Queen  
  35  3:29  Drone x6  
  35  3:30  Drone  
  35  3:31  Overlord x2  
  42  3:52  Spore Crawler  
  41  3:55  Extractor  
  41  3:59  Extractor, Lair  
  39  4:04  Drone x4  
  39  4:05  Drone  
  39  4:09  Queen  
  46  4:11  Drone x5  
  51  4:17  Queen  
  51  4:20  Drone x2  
  55  4:30  Spore Crawler  
  54  4:32  Drone x2  
  54  4:33  Drone x2  
  54  4:35  Metabolic Boost  
  58  4:40  Overlord x3  
  58  5:01  Zergling x6  
  58  5:02  Zergling x14  
  58  5:03  Zergling x2  
  69  5:10  Spore Crawler  
  68  5:17  Queen  
  68  5:20  Spire  
  69  5:21  Drone x2  
  69  5:22  Drone x2  
  69  5:27  Queen  
  75  5:32  Pneumatized Carapace  
  75  5:51  Zergling x2  
  75  5:52  Overlord x3  
  75  5:53  Overlord  
  74  6:01  Spore Crawler  
  73  6:04  Spore Crawler  
  73  6:07  Spore Crawler  
  68  6:16  Spore Crawler, Queen  
  69  6:30  Drone x5  
  69  6:31  Drone  
  75  6:38  Zerg Flyer Weapons Level 1  
  75  6:39  Spore Crawler, Mutalisk x5  
  78  6:40  Mutalisk x2  
  88  6:48  Extractor  
  88  6:51  Queen  
  88  6:52  Extractor  
  87  7:01  Mutalisk  
  85  7:15  Spore Crawler  
  85  7:19  Spore Crawler  
  85  7:20  Mutalisk  
  85  7:37  Spore Crawler  
  85  7:39  Spore Crawler  
  83  7:47  Mutalisk x2  
  83  7:48  Overlord x4  
  83  7:49  Overlord x3  
  87  8:01  Drone x3  
  86  8:15  Mutalisk  
  86  8:16  Mutalisk x3  
  94  8:23  Drone x3  
  94  8:24  Drone  
  98  8:32  Zerg Flyer Armor Level 1  
  98  8:38  Corruptor x3  
  104  8:47  Infestation Pit  
  103  8:56  Spore Crawler  
  103  9:01  Drone x6  
  108  9:03  Mutalisk x3  
  108  9:07  Zergling x6  
  108  9:08  Drone  
  118  9:28  Corruptor  
  118  9:29  Infestor x2  
  124  9:35  Drone x2  
  124  9:36  Drone x3  
  129  9:43  Infestation Pit  
  128  9:56  Spore Crawler  
  128  9:59  Spore Crawler  
  126  10:05  Zergling x4  
  126  10:06  Infestor, Zergling x12  
  134  10:07  Infestor  
  133  10:29  Spore Crawler  
  133  10:30  Zergling x2  
  133  10:31  Infestor x2, Zergling x8  
  133  10:32  Infestor  
  143  10:37  Overseer  
  143  10:44  Spore Crawler  
  143  10:48  Hive  
  142  10:53  Extractor  
  141  11:09  Baneling Nest  
  63  12:22  Zergling x14  
  70  12:23  Zergling x14  
  70  12:24  Zergling x6  
  74  13:17  Hatchery  
  55  13:41  Lair  
  55  13:55  Zergling x12  
  60  13:56  Hatchery, Zergling x14  
  60  13:57  Zergling x2  
  66  14:14  Zergling x12  
  66  14:15  Zergling x2  
  73  14:32  Zergling x6  
  77  14:38  Drone  
  77  14:40  Queen  
  77  14:43  Queen  
  77  14:44  Queen  
  83  14:47  Drone x4  
  83  14:48  Drone x3  
  88  15:07  Zergling x6  
  88  15:08  Zergling x6  
  94  15:18  Spore Crawler x2  
  98  15:26  Spore Crawler  
  99  15:30  Spore Crawler  
Tags
 
Add a new tag
Caveats
  • Supply blocks, unpowered buildings, or Contaminate may cause inaccurate times.
  • Supply counts are checked every 10 seconds.